 Dungeon Crawl Stone Soup version 0.23.0 (webtiles) character file.

Game seed: 15048748510035252708

35 Borgoz the Skirmisher (level 3, -5/33 HPs)
             Began as a Ghoul Monk on Feb 17, 2019.
             Slain by a worker ant (7 damage)
             ... on level 2 of the Dungeon.
             The game lasted 00:02:06 (791 turns).

Borgoz the Skirmisher (Ghoul Monk)                   Turns: 791, Time: 00:02:07

Health: -5/33      AC:  3    Str: 14    XL:     3   Next: 35%
Magic:  2/2        EV: 13    Int:  5    God:
Gold:   95         SH:  0    Dex: 12    Spells: 2/2 levels left

rFire    . . .     SeeInvis .   a - +0 short sword
rCold    + . .     Gourm    .   (no shield)
rNeg     + + +     Faith    .   b - +1 robe
rPois    ∞         Spirit   .   (no helmet)
rElec    .         Reflect  .   (no cloak)
rCorr    .         Harm     .   (no gloves)
MR       .....                  (no boots)
Stlth    ++........             (no amulet)
HPRegen  0.00/turn              (no ring)
MPRegen  0.08/turn              (no ring)

@: rotting
A: rotting body, claws 1, carnivore, cold resistance 1, negative energy
resistance 3, inhibited regeneration, torment resistance, unbreathing
a: no special abilities


You were on level 2 of the Dungeon.
You were not hungry.

You visited 1 branch of the dungeon, and saw 2 of its levels.

You collected 95 gold pieces.

Inventory:

Hand Weapons
 a - a +0 short sword (weapon)
Missiles
 k - 2 curare-tipped needles
 l - 16 poisoned needles
Armour
 b - a +1 robe (worn)
Jewellery
 d - an uncursed ring of wizardry {unknown}
Scrolls
 h - a scroll of remove curse
 i - 2 scrolls of identify
Comestibles
 c - 4 rations


   Skills:
 + Level 3.7 Fighting
 + Level 3.0 Short Blades
 + Level 3.0 Dodging
 + Level 2.8 Stealth


You had 2 spell levels left.
You didn't know any spells.
Your spell library was empty.

Dungeon Overview and Level Annotations

Branches:
Dungeon (2/15)

Altars:


Innate Abilities, Weirdness & Mutations

Your body is rotting away.
You thrive on raw meat.
You are immune to poison.
You have sharp fingernails.
You are carnivorous and can eat meat at any time.
Your flesh is cold resistant. (rC+)
You are immune to negative energy. (rN+++)
You do not regenerate when monsters are visible.
You are immune to unholy pain and torment.
You can survive without breathing.


Message History

The worker ant misses you.
Okay, then.
You closely miss the worker ant.
The worker ant is heavily wounded.
The worker ant closely misses you.
You closely miss the worker ant.
The worker ant is heavily wounded.
The worker ant bites you.
* * * LOW HITPOINT WARNING * * *
You hit the worker ant but do no damage.
The worker ant is heavily wounded.
The worker ant closely misses you.
You hit the worker ant.
The worker ant is heavily wounded.
The worker ant bites you.
* * * LOW HITPOINT WARNING * * *
You barely miss the worker ant.
The worker ant is heavily wounded.
The worker ant bites you!
You die...

****,**,,,,,* **,,,,,,,,,,, *
*,**,,,,,* **,,********* *
*,**,,,,,* #...#*###*,,,
****,**,,,,,* #...#*...,,.,
,,**,**,,,,,* *...##.###..,
,,,*,****+*****#######..#........
,,,,,,,,,,,,,,,............?.....
,,,*******########......#.......,
,,,* #.....@a...............
,,,*******#.######...÷..÷###*#.#.
*****,,,,**,*****#.........# #.##
* *,**,**,,,........#?.#.# #.#. *
*,*,,*****#########..#.# #.#.
*,*,,*,<,,,,#..........# #.#.
*,*,*******,#.......#..# #.#'
*,*,*,,,,,*,........#..###...
*,*,*,***,**#../....#........


You could see a worker ant.

Vanquished Creatures
  An adder (D:2)
  2 dart slugs (D:1)
  A leopard gecko (D:1)
  4 bats
  5 goblins (D:1)
  A hobgoblin (D:1)
  A frilled lizard (D:1)
  2 kobolds (D:1)
  2 rats (D:1)
19 creatures vanquished.

Notes
Turn   | Place    | Note
-------+----------+-------------------------------------------
     0 | D:1      | Borgoz the Ghoul Monk began the quest for the Orb.
     0 | D:1      | Reached XP level 1. HP: 19/19 MP: 0/0
   209 | D:1      | Reached XP level 2. HP: 26/26 MP: 1/1
   727 | D:2      | Reached XP level 3. HP: 33/33 MP: 2/2
   791 | D:2      | Slain by a worker ant

Skill      XL: |  1  2  3 |
---------------+----------+-----
Dodging        | 3 |  3.0
Short Blades   | 3 |  3.0
Fighting       | |  3.7
Stealth        | |  2.8

Action                   || total
-------------------------++-------
Melee: Short sword       ||    88
  Use: Scroll            ||     3
       Potion            ||     2
 Stab: Sleeping          ||     6
  Eat: Chunk             ||     9
Armor: Robe              ||    12
Dodge: Dodged            ||    54
